MAA
PORTSMOUTH COASTIES @ SALEM MISFITS
09/03/2018
 
TOP OF THE 1ST
Portsmouth Coasties batting - Pitching for Salem Misfits : RHP Josh Gardner
Pitching: RHP Josh Gardner
Batting: RHB José Masaferro 0-0: Ground out 6-3 (Groundball, 6)
Batting: LHB Tom McCain 0-0: Foul Ball, location: 2F
0-1: Foul Ball, location: 2F
0-2: Ball
1-2: SINGLE (Line Drive, 56D)
Batting: RHB Seth Varela 0-0: Called Strike
0-1: Ball
1-1: Foul Ball, location: 2F
1-2: Grounds into double play, 4-6-3 (Groundball, 4)
Top of the 1st over - 0 run(s), 1 hit(s), 0 error(s), 0 left on base; Portsmouth 0 - Salem 0
BOTTOM OF THE 1ST
Salem Misfits batting - Pitching for Portsmouth Coasties : RHP Justin Jamerson
Pitching: RHP Justin Jamerson
Batting: LHB Iván Flores 0-0: Called Strike
0-1: Ball
1-1: Foul Ball, location: 2F
1-2: Foul Ball, location: 2F
1-2: Strikes out swinging
Batting: RHB Ignacio García 0-0: Ball
1-0: Foul Ball, location: 2F
1-1: Ball
2-1: Ground out 6-3 (Groundball, 6)
Batting: SHB Alfredo Ortíz 0-0: Ball
1-0: Foul Ball, location: 2F
1-1: Hit by Pitch
Batting: SHB Joe Werner 0-0: Ball
1-0: Foul Ball, location: 2F
1-1: Ball
2-1: Ball
3-1: Base on Balls
Alfredo Ortíz to second
Batting: RHB Alfredo Martínez 0-0: Ball
1-0: Swinging Strike
1-1: Ball
2-1: Called Strike
2-2: Ball
3-2: Fly out, F7 (Flyball, 78M)
Bottom of the 1st over - 0 run(s), 0 hit(s), 0 error(s), 2 left on base; Portsmouth 0 - Salem 0
TOP OF THE 2ND
Portsmouth Coasties batting - Pitching for Salem Misfits : RHP Josh Gardner
Batting: LHB Travis Alexander 0-0: Ball
1-0: Foul Ball, location: 2F
1-1: SINGLE (Line Drive, 34)
Batting: RHB Dave Davis 0-0: Grounds into double play, 1-6-3 (Groundball, 15S)
Batting: RHB Pablo Lugo 0-0: Ball
1-0: Swinging Strike
1-1: SINGLE (Groundball, 34)
Batting: SHB Lou Boone 0-0: Called Strike
0-1: Swinging Strike
0-2: Strikes out swinging
Top of the 2nd over - 0 run(s), 2 hit(s), 0 error(s), 1 left on base; Portsmouth 0 - Salem 0
BOTTOM OF THE 2ND
Salem Misfits batting - Pitching for Portsmouth Coasties : RHP Justin Jamerson
Batting: RHB Jong-duk Kim 0-0: SINGLE (Line Drive, 7LS)
Batting: RHB Claudio Pérez 0-0: Called Strike
0-1: Foul Ball, location: 2F
0-2: Ball
1-2: Ball
2-2: Foul Ball, location: 2F
2-2: Ball
3-2: Base on Balls
Jong-duk Kim to second
Batting: RHB Miguel Torres 0-0: Ball
1-0: Called Strike
1-1: Ball
2-1: Ball
3-1: Foul Ball, location: 2F
3-2: Strikes out looking
Batting: SHB Diego Chacón 0-0: Swinging Strike
0-1: Ball
1-1: Ball
2-1: Fly out, F8 (Flyball, 8LM)
Batting: LHB Iván Flores 0-0: Ball
1-0: Ball
2-0: Called Strike
2-1: Ground out 6-3 (Groundball, 56)
Bottom of the 2nd over - 0 run(s), 1 hit(s), 0 error(s), 2 left on base; Portsmouth 0 - Salem 0
TOP OF THE 3RD
Portsmouth Coasties batting - Pitching for Salem Misfits : RHP Josh Gardner
Batting: RHB Juan Jose Díaz 0-0: Called Strike
0-1: Foul Ball, location: 2F
0-2: Ball
1-2: Ball
2-2: Ball
3-2: Base on Balls
Batting: RHB José Villegas 0-0: Ball
1-0: Swinging Strike
1-1: Swinging Strike
1-2: Fly out, F4 (Popup, 3F)
Batting: RHB José Masaferro 0-0: Fly out, F4 (Popup, 4D)
Batting: LHB Tom McCain 0-0: Called Strike
0-1: Ball
1-1: Swinging Strike
1-2: Ball
2-2: Strikes out swinging
Top of the 3rd over - 0 run(s), 0 hit(s), 0 error(s), 1 left on base; Portsmouth 0 - Salem 0
BOTTOM OF THE 3RD
Salem Misfits batting - Pitching for Portsmouth Coasties : RHP Justin Jamerson
Batting: RHB Ignacio García 0-0: Foul Ball, location: 2F
0-1: Ground out 5-3 (Groundball, 5L)
Batting: SHB Alfredo Ortíz 0-0: Foul Ball, location: 2F
0-1: Ball
1-1: Swinging Strike
1-2: Strikes out swinging
Batting: SHB Joe Werner 0-0: Called Strike
0-1: Swinging Strike
0-2: Fly out, F7 (Flyball, 7LM)
Bottom of the 3rd over - 0 run(s), 0 hit(s), 0 error(s), 0 left on base; Portsmouth 0 - Salem 0
TOP OF THE 4TH
Portsmouth Coasties batting - Pitching for Salem Misfits : RHP Josh Gardner
Batting: RHB Seth Varela 0-0: Foul Ball, location: 2F
0-1: Ball
1-1: Foul Ball, location: 2F
1-2: Ball
2-2: Foul Ball, location: 2F
2-2: Ball
3-2: Strikes out swinging
Batting: LHB Travis Alexander 0-0: Ball
1-0: Foul Ball, location: 2F
1-1: Ball
2-1: Ball
3-1: Ground out 4-3 (Groundball, 4)
Batting: RHB Dave Davis 0-0: Called Strike
0-1: Swinging Strike
0-2: Strikes out looking
Top of the 4th over - 0 run(s), 0 hit(s), 0 error(s), 0 left on base; Portsmouth 0 - Salem 0
BOTTOM OF THE 4TH
Salem Misfits batting - Pitching for Portsmouth Coasties : RHP Justin Jamerson
Batting: RHB Alfredo Martínez 0-0: Ball
1-0: Fly out, F3 (Line Drive, 3)
Batting: RHB Jong-duk Kim 0-0: Ball
1-0: Called Strike
1-1: Foul Ball, location: 2F
1-2: Foul Ball, location: 2F
1-2: SINGLE (Groundball, 6D)
Batting: RHB Claudio Pérez 0-0: Ball
1-0: Swinging Strike
1-1: Called Strike
1-2: Fly out, F9 (Flyball, 9M)
Batting: RHB Miguel Torres 0-0: Ball
1-0: Ball
2-0: Called Strike
2-1: Foul Ball, location: 2F
2-2: Foul Ball, location: 2F
2-2: Fielders Choice at 2nd, U6 (Groundball, 6M)
Bottom of the 4th over - 0 run(s), 1 hit(s), 0 error(s), 1 left on base; Portsmouth 0 - Salem 0
TOP OF THE 5TH
Portsmouth Coasties batting - Pitching for Salem Misfits : RHP Josh Gardner
Batting: RHB Pablo Lugo 0-0: Swinging Strike
0-1: Called Strike
0-2: Ball
1-2: Ball
2-2: Ball
3-2: Foul Ball, location: 2F
3-2: Foul Ball, location: 2F
3-2: Fly out, F8 (Flyball, 8LM)
Batting: SHB Lou Boone 0-0: Ball
1-0: Ball
2-0: Called Strike
2-1: Ground out 1-3 (Groundball, 13)
Batting: RHB Juan Jose Díaz 0-0: Ball
1-0: Ball
2-0: Ball
3-0: Called Strike
3-1: Base on Balls
Batting: RHB José Villegas 0-0: Ball
1-0: Fielders Choice at 2nd, 5-4 (Groundball, 5)
Top of the 5th over - 0 run(s), 0 hit(s), 0 error(s), 0 left on base; Portsmouth 0 - Salem 0
BOTTOM OF THE 5TH
Salem Misfits batting - Pitching for Portsmouth Coasties : RHP Justin Jamerson
Batting: SHB Diego Chacón 0-0: Foul Ball, location: 2F
0-1: SOLO HOME RUN (Flyball, 8RXD), Distance : 435 ft
Batting: LHB Iván Flores 0-0: Swinging Strike
0-1: Ground out U3 (Groundball, 3)
Batting: RHB Ignacio García 0-0: Called Strike
0-1: Foul Ball, location: 2F
0-2: Foul Ball, location: 2F
0-2: Foul Ball, location: 2F
0-2: Ball
1-2: DOUBLE (Flyball, 8LM)
Batting: SHB Alfredo Ortíz 0-0: Ground out U3 (Groundball, 3L)
Ignacio García to third
Batting: SHB Joe Werner 0-0: Ball
1-0: Called Strike
1-1: Ball
2-1: Fly out, F8 (Flyball, 8RM)
Bottom of the 5th over - 1 run(s), 2 hit(s), 0 error(s), 1 left on base; Portsmouth 0 - Salem 1
TOP OF THE 6TH
Portsmouth Coasties batting - Pitching for Salem Misfits : RHP Josh Gardner
Batting: RHB José Masaferro 0-0: Bunt for hit - play at first, batter OUT! 5-3
Batting: LHB Tom McCain 0-0: Called Strike
0-1: DOUBLE (Groundball, 5L)
Batting: RHB Seth Varela 0-0: Ball
1-0: Foul Ball, location: 2F
1-1: SINGLE (Flyball, 3D)
Tom McCain to third
Runner from 3rd tries for Home, SAFE, throw made home
Batting: LHB Travis Alexander 0-0: DOUBLE (Line Drive, 3D)
Seth Varela to third
Batting: RHB Dave Davis 0-0: Ball
1-0: Swinging Strike
1-1: Ball
Passed Ball!
Seth Varela scores
Travis Alexander to third
2-1: Foul Ball, location: 2F
2-2: Foul Ball, location: 2F
2-2: Ball
3-2: Base on Balls
Batting: RHB Pablo Lugo 0-0: Ball
1-0: Swinging Strike
1-1: Foul Ball, location: 2F
1-2: Ball
2-2: Strikes out looking
Batting: SHB Lou Boone 0-0: Called Strike
0-1: Swinging Strike
0-2: Strikes out swinging
Top of the 6th over - 2 run(s), 3 hit(s), 0 error(s), 2 left on base; Portsmouth 2 - Salem 1
BOTTOM OF THE 6TH
Salem Misfits batting - Pitching for Portsmouth Coasties : RHP Justin Jamerson
Batting: RHB Alfredo Martínez 0-0: Fly out, F9 (Flyball, 9LM)
Batting: RHB Jong-duk Kim 0-0: Called Strike
0-1: Reached on error, E5 (Groundball, 5L)
Batting: RHB Claudio Pérez 0-0: Foul Ball, location: 2F
0-1: Foul Ball, location: 2F
0-2: Foul Ball, location: 2F
0-2: Strikes out looking
Batting: RHB Miguel Torres 0-0: Foul Ball, location: 2F
0-1: Swinging Strike
0-2: Ball
1-2: Fly out, F7 (Flyball, 7LM)
Bottom of the 6th over - 0 run(s), 0 hit(s), 1 error(s), 1 left on base; Portsmouth 2 - Salem 1
TOP OF THE 7TH
Portsmouth Coasties batting - Pitching for Salem Misfits : RHP Josh Gardner
Batting: RHB Juan Jose Díaz 0-0: Swinging Strike
0-1: Foul Ball, location: 2F
0-2: Ball
1-2: Foul Ball, location: 2F
1-2: Ground out 1-3 (Groundball, 13S)
Batting: RHB José Villegas 0-0: Called Strike
0-1: Ball
1-1: Foul Ball, location: 2F
1-2: Strikes out swinging
Batting: RHB José Masaferro 0-0: Ground out 6-3 (Groundball, 6)
Top of the 7th over - 0 run(s), 0 hit(s), 0 error(s), 0 left on base; Portsmouth 2 - Salem 1
BOTTOM OF THE 7TH
Salem Misfits batting - Pitching for Portsmouth Coasties : RHP Justin Jamerson
Batting: SHB Diego Chacón 0-0: Fly out, F7 (Flyball, 78M)
Batting: LHB Iván Flores 0-0: Called Strike
0-1: Called Strike
0-2: Ball
1-2: Ball
2-2: Ball
3-2: Foul Ball, location: 2F
3-2: SINGLE (Flyball, 89S)
Pitching: RHP Alfredo Martínez
Batting: RHB Ignacio García 0-0: Ball
1-0: Called Strike
1-1: Foul Ball, location: 2F
1-2: Ball
2-2: Fly out, F7 (Line Drive, 78M)
Batting: SHB Alfredo Ortíz 0-0: Called Strike
0-1: Called Strike
0-2: Strikes out swinging
Bottom of the 7th over - 0 run(s), 1 hit(s), 0 error(s), 1 left on base; Portsmouth 2 - Salem 1
TOP OF THE 8TH
Portsmouth Coasties batting - Pitching for Salem Misfits : RHP Josh Gardner
Batting: LHB Tom McCain 0-0: Called Strike
0-1: Ball
1-1: Fly out, F5 (Popup, 5F)
Batting: RHB Seth Varela 0-0: Ball
1-0: Ball
2-0: Ground out 1-3 (Groundball, 13)
Batting: LHB Travis Alexander 0-0: Called Strike
0-1: Ball
1-1: Ball
2-1: Swinging Strike
2-2: Foul Ball, location: 2F
2-2: Fly out, F7 (Flyball, 78M)
Top of the 8th over - 0 run(s), 0 hit(s), 0 error(s), 0 left on base; Portsmouth 2 - Salem 1
BOTTOM OF THE 8TH
Salem Misfits batting - Pitching for Portsmouth Coasties : RHP Alfredo Martínez
Pitching: RHP Herman Barnes
Batting: SHB Joe Werner 0-0: Ball
1-0: Fly out, F7 (Flyball, 7S)
Batting: RHB Alfredo Martínez 0-0: Ball
1-0: Ball
2-0: Ball
3-0: Base on Balls
Pinch Hitting: RHB Jim Unknown 0-0: Ball
1-0: Foul Ball, location: 2F
1-1: Swinging Strike
1-2: Ball
2-2: Strikes out looking
Pinch Hitting: SHB Jim Unknown 0-0: Ball
1-0: Foul Ball, location: 2F
1-1: Called Strike
1-2: Ground out 4-3 (Groundball, 34)
Bottom of the 8th over - 0 run(s), 0 hit(s), 0 error(s), 1 left on base; Portsmouth 2 - Salem 1
TOP OF THE 9TH
Portsmouth Coasties batting - Pitching for Salem Misfits : RHP Josh Gardner
Pitching: RHP Sid Brown
Now at 1B: Jim Unknown
Now at 2B: Jim Unknown
Batting: RHB Dave Davis 0-0: Called Strike
0-1: Swinging Strike
0-2: Ball
1-2: Ground out 4-3 (Groundball, 4M)
Batting: RHB Pablo Lugo 0-0: Ball
1-0: Called Strike
1-1: Foul Ball, location: 2F
1-2: Ball
2-2: Strikes out looking
Batting: SHB Lou Boone 0-0: Ball
1-0: Ball
2-0: Swinging Strike
2-1: Ball
3-1: Foul Ball, location: 2F
3-2: Base on Balls
Batting: RHB Juan Jose Díaz 0-0: Called Strike
0-1: Ball
1-1: Ball
2-1: Ball
3-1: Called Strike
3-2: Strikes out swinging
Top of the 9th over - 0 run(s), 0 hit(s), 0 error(s), 1 left on base; Portsmouth 2 - Salem 1
BOTTOM OF THE 9TH
Salem Misfits batting - Pitching for Portsmouth Coasties : RHP Herman Barnes
Pitching: RHP Xavier Andrade
Batting: RHB Miguel Torres 0-0: Fly out, F9 (Line Drive, 9M)
Pinch Hitting: LHB Jim Unknown 0-0: Ball
1-0: Foul Ball, location: 2F
1-1: Fly out, F7 (Line Drive, 7M)
Batting: LHB Iván Flores 0-0: Ball
1-0: Swinging Strike
1-1: Ball
2-1: Ground out 4-3 (Groundball, 4)
Bottom of the 9th over - 0 run(s), 0 hit(s), 0 error(s), 0 left on base; Portsmouth 2 - Salem 1
This league is powered by Out of the Park Baseball, the baseball management simulation game for PC, Mac and Linux
Monday, May 4th, 2015 - OOTP Baseball 15.6 Build 34